 Dungeon Crawl Stone Soup version 0.27-a0-1591-gc56fcc985a (webtiles) character file.

Game seed: 1344723923226310841

180 Sin92 the Skirmisher (level 5, -3/43 HPs)
             Began as a Demonspawn Fighter on July 19, 2021.
             Slain by an ogre (12 damage)
             ... on level 4 of the Dungeon.
             The game lasted 00:03:01 (3282 turns).

Sin92 the Skirmisher (Demonspawn Fighter)           Turns: 3282, Time: 00:03:02

Health: -3/43      AC: 12    Str: 18    XL:     5   Next: 33%
Magic:  5/5        EV:  3    Int:  9    God:
Gold:   67         SH:  9    Dex: 12    Spells: 4/4 levels left

rFire    . . .     SeeInvis .   a - +0 war axe
rCold    . . .     Faith    .   c - +0 kite shield
rNeg     . . .     Spirit   .   n - +0 plate armour
rPois    .         Reflect  .   (no helmet)
rElec    .         Harm     .   (no cloak)
rCorr    .         Rampage  .   (no gloves)
Will     .....                  (no boots)
Stlth    ..........             (no amulet)
HPRegen  0.14/turn              (no ring)
MPRegen  0.09/turn              (no ring)

@: no status effects
A: rugged brown scales 1, foul stench 1
a: no special abilities


You were on level 4 of the Dungeon.
You visited 1 branch of the dungeon, and saw 4 of its levels.

You collected 67 gold pieces.

Inventory:

Hand Weapons
 a - a +0 war axe (weapon)
Armour
 b - a +0 scale mail
 c - a +0 kite shield (worn)
 n - a +0 plate armour (worn)
Jewellery
 i - a ring of fire
Scrolls
 f - a scroll of summoning
 g - 2 scrolls of teleportation
 h - a scroll of fear
Potions
 d - a potion of might
 e - a potion of haste {unknown}
 j - a potion of mutation {unknown}
 k - a potion of brilliance
 l - a potion of lignification


   Skills:
 + Level 3.7 Fighting
 + Level 2.7 Axes
 + Level 3.4 Armour
 + Level 1.9 Dodging
 + Level 3.4 Shields


You had 4 spell levels left.
You didn't know any spells.
Your spell library contained the following spells:

 Spells                   Type           Power      Damage    Failure   Level
 Frozen Ramparts          Ice            0%         1d2       100%        3
 Ice Form                 Ice/Tmut       0%         N/A       100%        4
 Summon Ice Beast         Ice/Summ       0%         N/A       100%        4


Dungeon Overview and Level Annotations

Branches:
Dungeon (4/15)
 Temple: D:4-7

Altars:
Qazlal

Annotations:
D:3 2 runed translucent doors, flotson's ghost, amateur DsDe


Innate Abilities, Weirdness & Mutations

You are partially covered in rugged brown scales. (AC +1, +3% HP)
You may rarely emit foul miasma when damaged in melee.


Message History

You hit the necrophage but do no damage.
The necrophage is severely damaged.
The necrophage hits you.
You barely miss the necrophage.
The necrophage is severely damaged.
The necrophage hits you but does no damage.
You block the necrophage's attack.
Your plate armour prevents you from hitting the necrophage.
The necrophage is severely damaged.
The necrophage hits you but does no damage. x2
Your plate armour prevents you from hitting the necrophage.
The necrophage is severely damaged.
The necrophage hits you.
You feel drained.
You emit a cloud of foul miasma!
You hit the necrophage.
The necrophage is almost destroyed.
The necrophage hits you but does no damage. x2
You hit the necrophage.
The necrophage is almost destroyed.
The necrophage hits you but does no damage.
You hit the necrophage.
You destroy the necrophage!
Your life force feels restored.
You have reached level 5!
You hear the brisk rusting of a very distant drain.
An ogre comes into view. It is wielding a +0 giant spiked club.
Found a robe and a potion of lignification.
The ogre shouts!
You hear a shout!
The ogre hits you with a +0 giant spiked club.
* * * LOW HITPOINT WARNING * * *
An ogre comes into view. It is wielding a +0 giant club.
The ogre shouts!
You block the ogre's attack.
Found a lumpy white potion.
The ogre hits you with a +0 giant club.
* * * LOW HITPOINT WARNING * * *
You block the ogre's attack.
You hit the ogre.
The ogre is lightly wounded.
Your shield and plate armour prevent you from hitting the ogre.
The ogre hits you with a +0 giant club!
You die...

##.. .! .. ... ..
... ... .. ...
..# .# #.###.##.#
#..!.....#
#....O...#
#....@...#
#....O...#.#
###......[.#.#.
+..............|
###.###.#..#.#.#
#. #.#..#.#.###
###.###.#........
................
#######.#.##.#.#


You could see 2 ogres.

Vanquished Creatures
  A necrophage (D:4)
  3 adders (D:2)
  3 dart slugs
  3 orcs (D:3)
  3 bats
  3 endoplasms
  5 giant cockroaches
  9 goblins
  2 hobgoblins
  7 jackals
  5 kobolds
  2 quokkas
  3 ball pythons
  2 frilled lizards
  2 rats
53 creatures vanquished.

Vanquished Creatures (collateral kills)
  An endoplasm (D:3)
  A frilled lizard (D:3)
2 creatures vanquished.

Grand Total: 55 creatures vanquished

Notes
Turn   | Place    | Note
-------+----------+-------------------------------------------
     0 | D:1      | Sin92 the Demonspawn Fighter began the quest for the Orb.
     0 | D:1      | Reached XP level 1. HP: 18/18 MP: 1/1
   152 | D:1      | Gained mutation: You are partially covered in rugged brown
                  | scales. (AC +1, +3% HP) [demonic ancestry]
   152 | D:1      | Reached XP level 2. HP: 18/24 MP: 2/2
   480 | D:1      | You fall into a shaft and drop 1 floor!
   599 | D:2      | Gained mutation: You may rarely emit foul miasma when
                  | damaged in melee. [demonic ancestry]
   599 | D:2      | Reached XP level 3. HP: 4/29 MP: 3/3
   999 | D:2      | Reached skill level 1 in Dodging
  1779 | D:2      | Found a faded altar of an unknown god.
  2137 | D:3      | Found a runed translucent door.
  2137 | D:3      | Noticed flotson's ghost (amateur DsDe)
  2144 | D:3      | Reached XP level 4. HP: 32/36 MP: 4/4
  2316 | D:3      | Found a stormy altar of Qazlal.
  2616 | D:3      | Found a runed translucent door.
  3219 | D:4      | Noticed a necrophage
  3244 | D:4      | Killed a necrophage
  3245 | D:4      | Reached XP level 5. HP: 12/43 MP: 5/5
  3276 | D:4      | Noticed an ogre
  3278 | D:4      | Noticed an ogre
  3282 | D:4      | Slain by an ogre

Illustrated notes

Levels and vault maps discovered:
D:1:      sevenhm_arrival_forest_fort_large_2, layout_loops_ring, serial_shops,
          nicolae_diamond_shop, minmay_pentomino_p2
D:2:      layout_loops_cross, dreamdust_ecumenical_altar_angels_and_demons,
          hangedman_decor_riveting, columned_hall_lemuel
D:3:      layout_rooms, nicolae_qazlal_eye_of_the_storm, ebering_ghost_sewer_f
D:4:      layout_basic, mainiacjoe_overflow_cross_hatched, gup_sewer_entry_glass

Skill      XL: |  1  2  3 |
---------------+----------+-----
Axes           | 2 |  2.7
Armour         | 3 |  3.4
Shields        | 3 |  3.4
Dodging        | 1 |  1.9
Fighting       | |  3.7

Action                   |  1- 3 |  4- 6 || total
-------------------------+-------+-------++-------
Melee: War axe           |   115 |    70 ||   185
  Use: Scroll            |     5 |     4 ||     9
Armor: Scale mail        |    83 |    17 ||   100
       Plate armour      |       |    26 ||    26
Dodge: Dodged            |    46 |    14 ||    60
Block: Kite shield       |    71 |    35 ||   106

Table legend: (Time is in decaauts)
 A = Elapsed time spent in this place.
 B = Non-inter-level travel time spent in this place.
 C = Inter-level travel time spent in this place.
 D = Time resting spent in this place.
 E = Time spent auto-exploring this place.
 F = Levels seen in this place.
 G = Mean time per level.
                   A        B        C        D        E       F      G
               +--------+--------+--------+--------+--------+-----+--------+
         Total |   3397 |   3372 |     25 |    849 |   1763 |   4 |  849.2 |
       Dungeon |   3397 |   3372 |     25 |    849 |   1763 |   4 |  849.2 |
               +--------+--------+--------+--------+--------+-----+--------+

Top non-repeatable levels by time:
     D:2: 1605 daAuts
     D:3: 976 daAuts
     D:1: 489 daAuts
     D:4: 326 daAuts
